 Dungeon Crawl Stone Soup version 0.31-a0-744-gbc345e7 (webtiles) character file.

Game seed: 7389643065335685876

219407 BarneyGumball the Eclecticist (level 19, -6/130 HPs)
             Began as a Djinni Fire Elementalist on Sept 12, 2023.
             Was the Champion of Makhleb.
             Killed from afar by a salamander tyrant (14 damage)
             ... on level 4 of the Snake Pit on Sept 13, 2023.
             The game lasted 03:42:08 (40053 turns).

BarneyGumball the Eclecticist (DjFE)               Turns: 40053, Time: 03:42:08

Health: -6/130     AC: 10    Str:  5    XL:     19   Next: 89%
Gold:   2490       EV: 12    Int: 25    God:    Makhleb [******] SH:  7 Dex: 14

rFire   + + +        p - staff of fire
rCold   + . .        D - +0 buckler
rNeg    . . .        H - +1 ring mail of Autumn {rC+}
rPois   ∞            Q - +1 helmet {SInv}
rElec   .            R - +0 cloak
rCorr   .            G - +2 pair of gloves
SInv    +            (boots unavailable)
Will    +....        V - amulet of regeneration
Stlth   ++           r - ring of protection from fire
HPRegen 1.21/turn    M - ring of ice
MPRegen 0.00/turn

%: infuse magic (-7 HP)
@: death channelling, weakened, flying
A: sickness immunity, fire resistance 2, cold vulnerability 1, float, innate
caster, HP casting, extra vitality 1, deformed body, weak 1
}: 1/15 runes: barnacled
a: Renounce Religion, Minor Destruction, Lesser Servant of Makhleb, Major
Destruction, Greater Servant of Makhleb


You were on level 4 of the Snake Pit.
You worshipped Makhleb.
Makhleb was exalted by your worship.
You visited 6 branches of the dungeon, and saw 31 of its levels.

You collected 3414 gold pieces.
You spent 924 gold pieces at shops.

Inventory:

Missiles
 y - 37 poisoned darts (quivered)
 C - 10 curare-tipped darts
 W - 8 silver javelins
Armour
 D - a +0 buckler (worn)
 G - a +2 pair of gloves (worn)
 H - the +1 ring mail of Autumn (worn) {rC+}
   (You took it off a wight on level 7 of the Dungeon)

   rC+:       It protects you from cold.
 Q - a +1 helmet of see invisible (worn)
 R - a +0 cloak (worn)
 Y - a +0 kite shield of reflection
Magical Staves
 p - a staff of fire (weapon)
Jewellery
 e - a ring of resist corrosion
 r - a ring of protection from fire (left hand)
 K - a ring of wizardry
 M - a ring of ice (right hand)
 V - an amulet of regeneration (around neck)
Wands
 i - a wand of digging (4)
 A - a wand of light (23)
 B - a wand of flame (35)
 I - a wand of iceblast (50)
 S - a wand of mindburst (8)
 T - a wand of polymorph (10)
 X - a wand of charming (6)
Scrolls
 b - 2 scrolls of torment
 c - 3 scrolls of vulnerability
 f - 2 scrolls of fear
 g - a scroll of teleportation
 h - a scroll of blinking
 j - a scroll of immolation
 s - 2 scrolls of revelation
 t - 7 scrolls of poison
 v - 2 scrolls of silence
 x - 4 scrolls of fog
 E - 3 scrolls of enchant weapon
 L - a scroll of enchant armour
 N - a scroll of butterflies
Potions
 d - 2 potions of enlightenment
 l - 7 potions of curing
 n - 8 potions of mutation
 u - 3 potions of berserk rage
 w - 4 potions of resistance
 z - 7 potions of attraction
 J - 3 potions of might
 O - 4 potions of lignification
 U - a potion of ambrosia
 Z - a potion of cancellation
Miscellaneous
 a - a phantom mirror (inert)
 q - a box of beasts
 P - a lightning rod (4/4)


   Skills:
 - Level 10.0 Fighting
 - Level 5.0 Staves
 - Level 4.0 Throwing
 - Level 4.0 Armour
 - Level 13.0 Dodging
 - Level 3.0 Stealth
 * Level 13.7 Shields
 + Level 16.3 Spellcasting
 + Level 16.3 Conjurations
 + Level 16.3 Hexes
   Level 0.0 Charms
 + Level 16.3 Summonings
 + Level 16.3 Necromancy
 + Level 16.3 Translocations
 + Level 16.3 Transmutations
 + Level 16.3 Fire Magic
 + Level 16.3 Ice Magic
 + Level 16.3 Air Magic
 + Level 16.3 Earth Magic
 + Level 16.3 Poison Magic
 - Level 13.0 Invocations
 - Level 10.0 Evocations


You knew the following spells:

 Your Spells              Type           Power      Damage    Failure   Level
a - Foxfire               Conj/Fire      100%       2x1d9     1%          1
b - Scorch                Fire           100%       2d9       1%          2
c - Summon Mana Viper     Hex/Summ       80%        N/A       1%          5
d - Inner Flame           Hex/Fire       100%       N/A       1%          3
e - Flame Wave            Conj/Fire      100%       2d21      1%          4
f - Starburst             Conj/Fire      50%        6d14      2%          6
g - Lesser Beckoning      Tloc           100%       N/A       1%          2
h - Volatile Blastmotes   Fire/Tloc      100%       2d18      1%          3
i - Vhi's Electric Charg  Tloc/Air       100%       N/A       1%          4
j - Yara's Violent Unrav  Hex/Tmut       40%        3d16      1%          5
k - Call Imp              Summ           100%       N/A       1%          2
l - Slow                  Hex            100%       N/A       1%          1
m - Death Channel         Necr           40%        N/A       2%          6
n - Monstrous Menagerie   Summ           40%        N/A       16%         7
Your spell library was empty.

Dungeon Overview and Level Annotations

Branches:
Dungeon (15/15)            Temple (1/1) D:6            Lair (5/5) D:9
 Shoals (4/4) Lair:2        Snake (4/4) Lair:2        Slime (0/5) Lair:5
    Orc (2/2) D:10            Elf (0/3) Orc:2        Vaults (0/5) D:13
 Depths (0/4) D:15

Altars:
Ashenzari
Cheibriados
Dithmenos
Elyvilon
Fedhas
Gozag
Hepliaklqana
Makhleb
Nemelex Xobeh
Okawaru
Qazlal
Ru
Trog
Uskayaw
Wu Jian
Xom
Yredelemnul
Zin
The Shining One
Jiyva

Shops:
D:5 [   D:6 [?   D:10 =   Orc:1 *   Orc:2 [[*:[   Shoals:1 (   Shoals:3 [[!
Snake:3 (

Annotations:
D:12 3 runed translucent doors, exclusion: 3 doors, Syqioqee's ghost, journeyman MiFi
Shoals:3 3 runed translucent doors, exclusion: door, Kogrus's ghost, adept GnWn
Snake:3 2 transporters, Haulev's ghost, adept SpHu; Mara


Innate Abilities, Weirdness & Mutations

You are immune to sickness and miasma.
You are immune to poison.
Your flesh is very heat resistant. (rF++)
You are vulnerable to cold. (rC-)
You float through the air rather than walking.
You learn spells naturally, not from books.
Your magical power is your life essence.
You have superior vitality. (+4 MHP)
Armour fits poorly on your strangely shaped body.
You are weak. (Str -2)


Message History

Casting: Yara's Violent Unravelling (mildly dangerous; 1% risk of failure)
Confirm with . or Enter, or press ? or * to list all spells.
Aiming: Yara's Violent Unravelling (mildly dangerous; 1% risk of failure)
Press: ? - help, Dir - move target, f/p - salamander tyrant
Aim: a salamander tyrant (heavily wounded, fast, not watching you, magic disrupted)
The salamander tyrant's magical effects unravel!
The enchantments explode!
The salamander tyrant twists and deforms.
The unravelling engulfs the salamander tyrant!!
The salamander tyrant is almost dead.
The guardian serpent twists and deforms.
The unravelling engulfs the guardian serpent!!
Flame seeps out of the guardian serpent.
The guardian serpent is almost dead.
Your cerulean imp twists and deforms.
The unravelling engulfs your cerulean imp!!!
You kill your cerulean imp!
Your cerulean imp disappears in a puff of smoke!
The unravelling engulfs you!!
Strange energies course through your body.
Your body twists and deforms.
* * * LOW HITPOINT WARNING * * *
x2 The salamander tyrant gazes fiercely through you!
You feel as though you will be weak longer.
The salamander tyrant hits you but does no damage.
The guardian serpent is engulfed in blazing flames.
Makhleb accepts your kill.
You feel better.
The guardian serpent explodes!
The fiery explosion engulfs you! You resist.
* * * LOW HITPOINT WARNING * * *
The fiery explosion engulfs the salamander tyrant.
The salamander tyrant completely resists.
The salamander tyrant is almost dead.
Blink to where?
Press: ? - help, Dir - move target, p - salamander tyrant
As you read the scroll of blinking, it crumbles to dust.
The salamander tyrant rends the earth beneath you!
The blast of magma engulfs you! You partially resist.
You die...

*,,**,,,,***,,,,####*.*#...P...#*
**,,,****,*#.,,*#...#.*#.......##
***,***,*,##.######..###.......#.
,**,**,,*,#.......##...#.........
,*,,,,,,*,#..........##.#.#.#....
,,,,,,,****#.......)..##.##......
,,,,,***,<.###.[......###.##..)..
,,..##.......##.[...Z.####.......
*,.##....8....##@)..§§#.#)#.#.#..
**##...#####...##...§°Z.☼☼...[..)
,##...#######...##[.§N#§.§....#.Z
,#...#########...#...§N☼.(.[....#
##...###...###...###)##)......###
.....).......).....[[#.........#
8....)8))<[)8).[..8##.#.......##
....[)[.[..........'.#.........#
##.[[###...###...###.[#.#[#.#.##


You could see a salamander tyrant (misshapen, ally target), a salamander mystic
and 2 friendly spectral guardian serpents.

Vanquished Creatures
  Saint Roka (Snake:3)
  Rupert (Snake:1)
  Mlioglotl (Snake:4)
  Frances (D:13)
  A kraken (Shoals:3)
  Kirke (Lair:4)
  Aizul (Snake:1)
  2 nagarajas (Snake:4)
  A frost giant (Shoals:4)
  An orc warlord (Orc:2)
  A formless jellyfish (Shoals:4)
  A merfolk javelineer (Shoals:4)
  16 merfolk impalers
  Josephine (D:11)
  Harold (Lair:1)
  5 hydras
  2 centaur warriors (D:14)
  2 salamander tyrants (Snake:4)
  An alligator snapping turtle (Shoals:4)
  6 merfolk avatars
  5 ogre magi
  A catoblepas (Lair:1)
  7 anacondas
  26 two-headed ogres
  A death knight (D:13)
  6 boulder beetles
  A death yak (Lair:1)
  5 naga warriors
  A merfolk aquamancer (Shoals:4)
  A tengu warrior (D:13)
  4 shock serpents
  5 naga sharpshooters
  Sonja (D:13)
  7 skysharks
  9 sea snakes
  Lodul (D:13)
  A kraken simulacrum (Shoals:4)
  2 slime creatures (D:13)
  Pikel (D:4)
  4 naga ritualists
  3 orc knights
  3 deep elf pyromancers (D:13)
  A phantasmal warrior (D:13)
  5 harpies (Shoals:4)
  A necromancer (D:15)
  38 ugly things
  12 mana vipers
  6 fauns
  3 orc sorcerers (D:15)
  9 manticores
  4 cyclopes
  2 salamanders
  6 elephants
  5 guardian serpents (Snake:4)
  A nameless horror (Snake:4)
  3 centaur zombies (D:15)
  8 merfolk sirens
  29 black mambas
  8 water nymphs
  9 naga magi
  Joseph (D:7)
  2 torpor snails
  An unseen horror (D:12)
  2 gargoyles
  Maggie (D:7)
  15 cane toads
  8 komodo dragons
  2 rime drakes
  A tengu conjurer (D:15)
  A yaktaur (Shoals:1)
  2 ice devils (D:13)
  8 trolls
  16 merfolk
  3 meliai (D:14)
  6 wind drakes
  6 polar bears
  6 hornets
  Grinder (D:3)
  11 blink frogs
  4 dream sheep (Shoals:1)
  8 snapping turtles
  Sigmund (D:4)
  A centaur simulacrum (D:15)
  A shadow (D:10)
  13 spriggans (Lair:5)
  9 wraiths
  2 vampires
  5 water elementals
  47 yaks
  2 wyverns (Lair:4)
  A steam dragon (D:10)
  6 basilisks
  5 hogs
  14 vampire mosquitoes
  6 wargs
  24 nagas
  3 acid dragons
  19 water moccasins
  Menkaure (D:4)
  A meliai simulacrum (D:15)
  26 orc warriors
  2 ice beasts
  19 wolves
  4 black bears
  35 ogres
  4 boggarts (Lair:5)
  An ogre (shapeshifter) (D:12)
  12 centaurs
  4 phantoms
  3 kobold brigands
  11 bullfrogs
  A bullfrog (shapeshifter) (D:12)
  4 scorpions
  9 wights
  9 killer bees (D:8)
  6 howler monkeys
  3 electric eels
  5 hounds
  16 jellies
  A gnoll bouda (D:6)
  15 orc priests
  A sleepcap (D:7)
  Natasha (thrice) (D:3)
  25 orc wizards
  10 gnolls
  11 adders
  A shadow imp (D:4)
  4 white imps
  3 worms
  4 dart slugs
  71 orcs
  5 endoplasms
  2 giant cockroaches
  4 goblins
  3 hobgoblins
  20 kobolds
  8 quokkas
  2 ball pythons
  4 bats
  4 frilled lizards
  2 rats
  A butterfly (Lair:5)
  4 tentacles
940 creatures vanquished.

Vanquished Creatures (collateral kills)
  A kraken (Shoals:1)
  Donald (Orc:2)
  A nagaraja (Snake:3)
  A merfolk impaler (Shoals:4)
  A hydra (Lair:5)
  2 salamander tyrants (Snake:4)
  A centaur warrior (Shoals:1)
  An alligator snapping turtle (Shoals:3)
  A merfolk avatar (Shoals:2)
  A naga warrior (Snake:4)
  6 naga sharpshooters
  A shock serpent (Snake:2)
  5 salamander mystics
  3 sea snakes
  A glowing orange brain (D:12)
  2 naga ritualists (Snake:3)
  A phantasmal warrior (D:13)
  3 mana vipers
  A cyclops (D:13)
  2 ugly things
  11 salamanders
  2 manticores
  2 black mambas
  4 merfolk sirens
  A guardian serpent (Snake:4)
  A gargoyle (D:12)
  3 naga magi
  2 water nymphs
  2 efreet
  3 merfolk
  4 snapping turtles
  A water elemental (Shoals:4)
  8 nagas
  2 ogres
  2 orcs (Snake:4)
  54 foxfires
  A tentacle (Shoals:1)
139 creatures vanquished.

Vanquished Creatures (others)
  A black mamba (Snake:4)
  A nameless horror (Snake:4)
  3014 foxfires
  22 tentacles
3038 creatures vanquished.

Grand Total: 4117 creatures vanquished

Notes
Turn   | Place    | Note
-------+----------+-------------------------------------------
     0 | D:1      | BarneyGumball the Djinni Fire Elementalist began the quest
                  | for the Orb.
     0 | D:1      | BarneyGumball set off with the following spells memorised:
                  | Foxfire, Scorch, Volatile Blastmotes, Inner Flame, Flame
                  | Wave.
     0 | D:1      | Reached XP level 1. HP: 15/15 MP: 0/0
   173 | D:1      | Reached XP level 2. HP: 16/21 MP: 0/0
   897 | D:2      | Reached XP level 3. HP: 22/25 MP: 0/0
   897 | D:2      | Learned a level 1 spell: Slow
  1185 | D:2      | Reached XP level 4. HP: 24/31 MP: 0/0
  1344 | D:2      | Reached XP level 5. HP: 34/35 MP: 0/0
  1344 | D:2      | Learned a level 2 spell: Lesser Beckoning
  1586 | D:3      | Noticed Grinder
  1599 | D:3      | Killed Grinder
  1600 | D:3      | Reached skill level 5 in Spellcasting
  1600 | D:3      | Reached skill level 5 in Conjurations
  1600 | D:3      | Reached skill level 5 in Hexes
  1600 | D:3      | Reached skill level 5 in Summonings
  1600 | D:3      | Reached skill level 5 in Necromancy
  1600 | D:3      | Reached skill level 5 in Translocations
  1600 | D:3      | Reached skill level 5 in Transmutations
  1600 | D:3      | Reached skill level 5 in Fire Magic
  1600 | D:3      | Reached skill level 5 in Ice Magic
  1600 | D:3      | Reached skill level 5 in Air Magic
  1600 | D:3      | Reached skill level 5 in Earth Magic
  1600 | D:3      | Reached skill level 5 in Poison Magic
  1600 | D:3      | Reached XP level 6. HP: 9/40 MP: 0/0
  1858 | D:3      | Reached XP level 7. HP: 17/45 MP: 0/0
  1858 | D:3      | Learned a level 2 spell: Call Imp
  1973 | D:3      | Noticed Natasha
  1976 | D:3      | Killed Natasha
  2252 | D:3      | Noticed Natasha
  2257 | D:3      | Killed Natasha
  2434 | D:3      | Noticed Natasha
  2437 | D:3      | Killed Natasha
  2972 | D:4      | Found a shadowy altar of Dithmenos.
  2974 | D:4      | Found a glowing silver altar of Zin.
  3102 | D:4      | Noticed Sigmund
  3105 | D:4      | Killed Sigmund
  3106 | D:4      | Reached XP level 8. HP: 45/50 MP: 0/0
  3189 | D:4      | Noticed Menkaure
  3192 | D:4      | Killed Menkaure
  3248 | D:4      | Noticed Pikel
  3262 | D:4      | Killed Pikel
  3263 | D:4      | Reached XP level 9. HP: 24/55 MP: 0/0
  3263 | D:4      | Learned a level 4 spell: Vhi's Electric Charge
  3632 | D:5      | Entered Level 5 of the Dungeon
  3736 | D:5      | Reached skill level 1 in Fighting
  4015 | D:5      | Found Bappioheth's Armour Shop.
  4015 | D:5      | Noticed an animated plate armour
  4017 | D:5      | Noticed an animated gold dragon scales
  5144 | D:6      | Found Dybozxa's Magic Scroll Shop.
  5147 | D:6      | Bought a scroll of teleportation for 39 gold pieces
  5147 | D:6      | Bought a scroll of identify for 26 gold pieces
  5147 | D:6      | Bought a scroll of blinking for 97 gold pieces
  5147 | D:6      | Bought a scroll of identify for 26 gold pieces
  5147 | D:6      | Bought a scroll of noise for 13 gold pieces
  5147 | D:6      | Bought a scroll of fog for 52 gold pieces
  5355 | D:6      | Found Lellib Meiku's Antique Armour Shop.
  5462 | D:6      | Found a staircase to the Ecumenical Temple.
  5470 | Temple   | Entered the Ecumenical Temple
  5474 | Temple   | Became a worshipper of Makhleb the Destroyer
  5502 | D:6      | Reached skill level 5 in Dodging
  5516 | D:6      | Reached XP level 10. HP: 27/69 MP: 0/0
  6111 | D:7      | Reached skill level 5 in Fighting
  6289 | D:7      | Noticed Maggie
  6297 | D:7      | Killed Maggie
  6297 | D:7      | Reached * piety under Makhleb
  6582 | D:7      | Noticed Joseph
  6592 | D:7      | Killed Joseph
  6602 | D:7      | Identified the +1 ring mail of Autumn {rC+}
  6607 | D:7      | Reached skill level 1 in Staves
  6607 | D:7      | Reached skill level 1 in Invocations
  6607 | D:7      | Reached skill level 1 in Evocations
  7292 | D:8      | Reached skill level 1 in Armour
  7446 | D:8      | Reached ** piety under Makhleb
  7869 | D:9      | Reached XP level 11. HP: 60/76 MP: 0/0
  7869 | D:9      | Learned a level 5 spell: Yara's Violent Unravelling
  8159 | D:9      | Noticed a two-headed ogre
  8285 | D:9      | Noticed a two-headed ogre
  8484 | D:9      | Killed a two-headed ogre
  8750 | D:9      | Killed a two-headed ogre
  8835 | D:9      | Found the +6 shillelagh "Devastator" {shatter}
  8942 | D:9      | Found a staircase to the Lair.
  8971 | D:9      | Reached skill level 5 in Invocations
  9207 | D:10     | Entered Level 10 of the Dungeon
  9207 | D:10     | Noticed a two-headed ogre
  9298 | D:10     | Killed a two-headed ogre
  9299 | D:10     | Reached skill level 5 in Staves
  9440 | D:10     | Found an ornate altar of the Wu Jian Council.
  9453 | D:10     | Found a bloodstained altar of Trog.
  9453 | D:10     | Found an opulent altar of Gozag.
  9582 | D:10     | Found a staircase to the Orcish Mines.
  9605 | D:10     | Found Jiar's Jewellery Boutique.
  9797 | D:11     | Noticed a cyclops
  9803 | D:11     | Killed a cyclops
  9809 | D:11     | Noticed a two-headed ogre
  9818 | D:11     | Killed a two-headed ogre
  9819 | D:11     | Reached XP level 12. HP: 73/83 MP: 0/0
 10083 | D:11     | Noticed Josephine
 10091 | D:11     | Killed Josephine
 10123 | D:11     | Reached *** piety under Makhleb
 10508 | D:5      | Bought a +0 helmet for 45 gold pieces
 10720 | D:11     | Noticed a boulder beetle
 10737 | D:11     | Killed a boulder beetle
 10738 | D:11     | Reached skill level 1 in Shields
 10738 | D:11     | Reached skill level 10 in Spellcasting
 10738 | D:11     | Reached skill level 10 in Conjurations
 10738 | D:11     | Reached skill level 10 in Hexes
 10738 | D:11     | Reached skill level 10 in Summonings
 10738 | D:11     | Reached skill level 10 in Necromancy
 10738 | D:11     | Reached skill level 10 in Translocations
 10738 | D:11     | Reached skill level 10 in Transmutations
 10738 | D:11     | Reached skill level 10 in Fire Magic
 10738 | D:11     | Reached skill level 10 in Ice Magic
 10738 | D:11     | Reached skill level 10 in Air Magic
 10738 | D:11     | Reached skill level 10 in Earth Magic
 10738 | D:11     | Reached skill level 10 in Poison Magic
 11401 | Lair:1   | Entered Level 1 of the Lair of Beasts
 11797 | Lair:1   | Noticed a death yak
 11964 | Lair:1   | Noticed Harold
 12269 | Lair:1   | Killed a death yak
 12302 | Lair:1   | Killed Harold
 12303 | Lair:1   | Reached XP level 13. HP: 70/87 MP: 0/0
 12303 | Lair:1   | Learned a level 5 spell: Summon Mana Viper
 12555 | Lair:1   | Noticed a catoblepas
 12569 | Lair:1   | Killed a catoblepas
 13694 | Lair:2   | Noticed a five-headed hydra
 13703 | Lair:2   | Killed a five-headed hydra
 13956 | Lair:2   | Found a staircase to the Snake Pit.
 14034 | Lair:2   | Reached **** piety under Makhleb
 14776 | Lair:2   | Found a staircase to the Shoals.
 16040 | Lair:4   | Noticed Kirke
 16106 | Lair:4   | Reached skill level 10 in Dodging
 16395 | Lair:4   | Reached XP level 14. HP: 71/99 MP: 0/0
 16405 | Lair:4   | Killed Kirke
 17154 | Lair:4   | Identified a scroll of acquirement
 17155 | Lair:4   | Acquired a +1 helmet of see invisible
 17908 | Lair:5   | Entered Level 5 of the Lair of Beasts
 18621 | Lair:5   | Reached skill level 10 in Fighting
 18937 | Lair:5   | Reached ***** piety under Makhleb
 19712 | Lair:5   | Found a staircase to the Slime Pits.
 19717 | Lair:5   | Found a viscous altar of Jiyva.
 20165 | Lair:5   | Reached XP level 15. HP: 105/107 MP: 0/0
 20165 | Lair:5   | Learned a level 6 spell: Starburst
 20666 | Lair:5   | Identified the +1 scale mail "Dyaviteg" {rElec rPois Will-}
 21996 | D:12     | Found a runed translucent gate.
 21996 | D:12     | Found a runed translucent gate.
 21996 | D:12     | Found a runed translucent gate.
 23245 | D:13     | Found a gate to the Vaults.
 23973 | D:13     | Noticed Lodul
 23974 | D:13     | Upgraded the game from 0.31-a0-737-g754b9d5 to
                  | 0.31-a0-740-g87205ac
 23978 | D:13     | Killed Lodul
 24352 | D:13     | HP: 2/107 [phantasmal warrior[a death knight] (21)]
 24747 | D:13     | Noticed Sonja
 24755 | D:13     | Killed Sonja
 24756 | D:13     | Reached skill level 5 in Evocations
 25055 | D:13     | Noticed Frances
 25066 | D:13     | Killed Frances
 25217 | D:14     | Found a blossoming altar of Fedhas.
 25446 | D:14     | Reached ****** piety under Makhleb
 25863 | D:14     | Reached XP level 16. HP: 108/113 MP: 0/0
 25981 | D:14     | Reached skill level 1 in Throwing
 26049 | D:14     | Identified the +6 scale mail of Cydi {+Blink}
 26484 | D:15     | Entered Level 15 of the Dungeon
 26888 | D:15     | Found a stormy altar of Qazlal.
 27146 | D:15     | Identified the +11 great sword of the Vase {drain, rPois
                  | rF- rC+}
 27710 | D:15     | Found a staircase to the Depths.
 27945 | Orc:1    | Entered Level 1 of the Orcish Mines
 28097 | Orc:2    | Entered Level 2 of the Orcish Mines
 28128 | Orc:2    | Reached skill level 15 in Spellcasting
 28128 | Orc:2    | Reached skill level 15 in Conjurations
 28128 | Orc:2    | Reached skill level 15 in Hexes
 28128 | Orc:2    | Reached skill level 15 in Summonings
 28128 | Orc:2    | Reached skill level 15 in Necromancy
 28128 | Orc:2    | Reached skill level 15 in Translocations
 28128 | Orc:2    | Reached skill level 15 in Transmutations
 28128 | Orc:2    | Reached skill level 15 in Fire Magic
 28128 | Orc:2    | Reached skill level 15 in Ice Magic
 28128 | Orc:2    | Reached skill level 15 in Air Magic
 28128 | Orc:2    | Reached skill level 15 in Earth Magic
 28128 | Orc:2    | Reached skill level 15 in Poison Magic
 28216 | Orc:2    | Found a staircase to the Elven Halls.
 28259 | Orc:2    | Noticed Donald
 28464 | Snake:1  | Entered Level 1 of the Snake Pit
 28564 | Snake:1  | Noticed Rupert
 28663 | Shoals:1 | Entered Level 1 of the Shoals
 28863 | Orc:2    | Reached XP level 17. HP: 42/119 MP: 0/0
 28863 | Orc:2    | Learned a level 6 spell: Death Channel
 29257 | Orc:2    | Found Onarinar's Antique Armour Boutique.
 29297 | Orc:2    | Killed Donald
 29355 | Orc:2    | Found Madwyma's Antique Armour Shop.
 29355 | Orc:2    | Found Xaefap's Book Shoppe.
 29356 | Orc:2    | Found Xeeqodie's Armour Emporium.
 29356 | Orc:2    | Found Estrag's Assorted Antiques.
 29369 | Orc:2    | Bought a scroll of blinking for 247 gold pieces
 29369 | Orc:2    | Bought a scroll of fear for 132 gold pieces
 29369 | Orc:2    | Bought a scroll of blinking for 247 gold pieces
 30019 | Orc:1    | Found Mesas's Merry Market.
 30709 | Shoals:1 | Found Xalol's Antique Weapon Boutique.
 30919 | Shoals:1 | Noticed a kraken
 30932 | Shoals:1 | Killed a kraken
 30933 | Shoals:1 | Reached skill level 5 in Shields
 31183 | Shoals:1 | Reached skill level 10 in Invocations
 31520 | Shoals:2 | Identified the +2 leather armour of Votu {Drain rPois Str-5
                  | SInv}
 32114 | Shoals:2 | Reached skill level 10 in Evocations
 32429 | Shoals:3 | Found Ganobba's Antique Armour Emporium.
 32588 | Shoals:3 | Found a runed translucent gate.
 32599 | Shoals:3 | Found a runed translucent gate.
 32600 | Shoals:3 | Found a runed translucent gate.
 32653 | Shoals:3 | Found Kuykkon's Distillery.
 32741 | Shoals:3 | Noticed a kraken
 32844 | Shoals:3 | Noticed Kogrus's ghost (adept GnWn)
 33076 | Shoals:3 | Found Quyck's Antique Armour Emporium.
 33154 | Shoals:3 | Killed a kraken
 33189 | Shoals:4 | Entered Level 4 of the Shoals
 33315 | Shoals:3 | Reached XP level 18. HP: 51/124 MP: 0/0
 34058 | Shoals:4 | Reached skill level 10 in Shields
 34163 | Shoals:4 | Got a barnacled rune of Zot
 34657 | D:12     | Found a runed translucent gate.
 34657 | D:12     | Found a runed translucent gate.
 34663 | D:12     | Found a runed translucent gate.
 34663 | D:12     | Noticed Syqioqee's ghost (journeyman MiFi)
 34664 | D:12     | Found the +3 Mad Mage's Maulers {Infuse+∞ VampMP -Cast}
 34681 | D:12     | Upgraded the game from 0.31-a0-740-g87205ac to
                  | 0.31-a0-744-gbc345e7
 34832 | Snake:1  | Killed Rupert
 34842 | Snake:1  | Noticed Aizul
 34855 | Snake:1  | Killed Aizul
 35606 | Snake:2  | HP: 6/124 [anaconda[a naga ritualist] (8)]
 35939 | Snake:1  | Gained mutation: You are weak. (Str -2) [you]
 36503 | Snake:2  | Reached XP level 19. HP: 71/130 MP: 0/0
 36503 | Snake:2  | Learned a level 7 spell: Monstrous Menagerie
 37223 | Snake:3  | Noticed Mara
 37227 | Snake:3  | Noticed BarneyGumball's illusion
 37307 | Snake:3  | HP: 2/130 [naga sharpshooter/bolt (23)]
 37839 | Snake:3  | Found a transporter.
 37844 | Snake:3  | Found a bloodstained altar of Trog.
 37844 | Snake:3  | Noticed Haulev's ghost (adept SpHu)
 37851 | Snake:3  | Found a transporter.
 37923 | Snake:3  | Noticed BarneyGumball's illusion
 38270 | Snake:4  | Entered Level 4 of the Snake Pit
 38270 | Snake:4  | Noticed Mlioglotl
 38277 | Snake:4  | Killed Mlioglotl
 38469 | Snake:4  | Noticed Saint Roka
 38574 | Snake:3  | Found Ithryon's Weapon Emporium.
 39574 | Snake:3  | Killed Saint Roka
 40052 | Snake:4  | Gained mutation: Armour fits poorly on your strangely
                  | shaped body. [you]
 40053 | Snake:4  | Killed from afar by a salamander tyrant

Illustrated notes

Levels and vault maps discovered:
D:1:      mrwooster_arrival_arrow, layout_basic, hex_tiny
D:2:      layout_basic, glass_columns_a, minivault_11
D:3:      layout_basic, uniq_natasha, uniq_grinder
D:4:      layout_basic, chequers_temple_overflow_statue_of_worship,
          hangedman_decor_slide_cut, uniq_sigmund, uniq_menkaure, uniq_pikel
D:5:      layout_loops_cross, serial_shops, nicolae_shop_mannequins,
          nicolae_half_adder
D:6:      layout_loops_cross, minmay_temple_entry_crystal_x, serial_shops, shop,
          nicolae_shop_behind_doors
D:7:      layout_cave_pods, uniq_maggie, uniq_joseph
D:8:      layout_gridville
D:9:      layout_rooms, erik_lair_orcish_takeover,
          dilly_guarded_unrand_devastator
D:10:     layout_rooms, minitemple, orc_0_dummy, serial_shops,
          nicolae_shop_gaudy_bauble
D:11:     layout_stronghold, grunt_decor_cap, uniq_josephine
D:12:     layout_layer_cave, ploomutoo_gammafunk_ghost_potion_laboratory
D:13:     layout_long_grid, david_vaults_1, portal_ice_cave_demonic_guard,
          uniq_lodul, uniq_sonja, uniq_frances
D:14:     layout_stronghold, fedhas_altar_2
D:15:     grunt_enter_depths_magical_seal, layout_basic, grunt_qazlal_clouds,
          st_stairs_1
Temple:   nicolae_temple_x_marks_the_god
Lair:1:   wad_woods_structure_01, layout_regular_city, uniq_harold
Lair:2:   layout_roguey, minmay_shoals_entry_hut,
          minmay_snake_entry_six_corridors, nicolae_quartered_pool_little
Lair:3:   layout_gridlike, chequers_serial_rivers_room_b
Lair:4:   layout_layer_cave, grunt_megastairs_2, uniq_kirke
Lair:5:   minmay_lair_end_enchanted_forest, layout_hall_layers,
          minmay_slime_entry_jelly_boxes, fungi_pond_lemuel,
          grunt_forest_small_clearing_treed, lemuel_fruit_fields
Shoals:1: layout_shoals, nicolae_take_the_stairs, yaktaur_hedge
Shoals:2: layout_shoals, nicolae_shoals_lost_giant_pillars
Shoals:3: layout_shoals, serial_shops, shop, nicolae_shop_hallway_plus, shop,
          ebering_ghost_rock_garden, nicolae_shoals_arrival_archipelago
Shoals:4: shoals_end_grunt_ice, layout_shoals
Snake:1:  layout_misc_corridors, serial_shops, bzr_entry_water, special_room,
          st_stairs_6, nicolae_snake_gridmaze_zigzag, uniq_aizul, uniq_rupert
Snake:2:  layout_rooms, grunt_ministairs_4
Snake:3:  kennysheep_six_static_rooms, layout_gridlike,
          gammafunk_ghost_wrathful_warriors, serial_shops, nicolae_shop_trees,
          grunt_ministairs_14, uniq_mara
Snake:4:  johnstein_snake_rune_scales, layout_chambers, grunt_ministairs_3,
          st_stairs_4, nicolae_snake_omega, grunt_megastairs_5,
          lemuel_fruit_tree, uniq_nikola, uniq_saint_roka, uniq_vashnia,
          uniq_mlioglotl
Orc:1:    layout_caves, nicolae_alphabet_shops, nicolae_orc_flooded_monolith
Orc:2:    st_orc_ogre_mass, layout_caves, serial_shops,
          nicolae_shop_statue_plus, uniq_donald

Skill      XL: |  1  2  3  4  5  6  7  8  9 10 11 12 13 14 15 16 17 18 19 |
---------------+----------------------------------------------------------+-----
Spellcasting   | 4 5 7 8 9 11 12 13 14 15 16 | 16.3
Conjurations   | 4 5 7 8 9 11 12 13 14 15 16 | 16.3
Hexes          | 4 5 7 8 9 11 12 13 14 15 16 | 16.3
Summonings     | 4 5 7 8 9 11 12 13 14 15 16 | 16.3
Necromancy     | 4 5 7 8 9 11 12 13 14 15 16 | 16.3
Translocations | 4 5 7 8 9 11 12 13 14 15 16 | 16.3
Transmutations | 4 5 7 8 9 11 12 13 14 15 16 | 16.3
Fire Magic     | 4 5 7 8 9 11 12 13 14 15 16 | 16.3
Ice Magic      | 4 5 7 8 9 11 12 13 14 15 16 | 16.3
Air Magic      | 4 5 7 8 9 11 12 13 14 15 16 | 16.3
Earth Magic    | 4 5 7 8 9 11 12 13 14 15 16 | 16.3
Poison Magic   | 4 5 7 8 9 11 12 13 14 15 16 | 16.3
Fighting       | 4 6 8 10 | 10.0
Stealth        | 3 |  3.0
Dodging        | 5 8 10 13 | 13.0
Staves         | 2 5 |  5.0
Invocations    | 2 6 9 10 12 13 | 13.0
Evocations     | 2 4 6 8 10 | 10.0
Armour         | 2 4 |  4.0
Shields        | 4 7 11 13 | 13.7
Throwing       | 4 |  4.0

Action                     |  1- 3 |  4- 6 |  7- 9 | 10-12 | 13-15 | 16-18 | 19-21 || total
---------------------------+-------+-------+-------+-------+-------+-------+-------++-------
  Melee: Whip              |       |     1 |       |       |       |       |       ||     1
         Staff             |       |       |     1 |    10 |   180 |   162 |   115 ||   468
  Throw: Dart              |       |       |       |       |       |       |     5 ||     5
   Cast: Foxfire           |    65 |    33 |   157 |   266 |   516 |   559 |   132 ||  1728
         Scorch            |     1 |     1 |     6 |    50 |   105 |    98 |    19 ||   280
         Inner Flame       |       |     3 |    48 |   119 |   248 |   301 |   124 ||   843
         Call Imp          |       |       |       |     2 |     1 |     9 |    27 ||    39
         Vhi's Electric Ch |       |       |       |     1 |       |     1 |     3 ||     5
         Summon Mana Viper |       |       |       |       |    18 |   114 |   102 ||   234
         Flame Wave        |       |       |       |       |     9 |     8 |       ||    17
         Yara's Violent Un |       |       |       |       |     4 |     4 |    11 ||    19
         Starburst         |       |       |       |       |     3 |    32 |     3 ||    38
         Slow              |       |       |       |       |       |     1 |       ||     1
         Death Channel     |       |       |       |       |       |    21 |    15 ||    36
         Monstrous Menager |       |       |       |       |       |       |     2 ||     2
         Volatile Blastmot |       |       |       |       |       |       |     1 ||     1
 Invoke: Lesser Servant of |       |       |       |       |     1 |       |     1 ||     2
         Greater Servant o |       |       |       |       |       |       |     1 ||     1
  Evoke: Wand              |       |       |       |       |       |     1 |       ||     1
         Box of beasts     |       |       |       |       |       |       |     1 ||     1
         Phantom mirror    |       |       |       |       |       |       |     1 ||     1
    Use: Scroll            |       |       |     9 |    12 |    18 |    12 |     9 ||    60
         Potion            |       |       |       |     1 |     8 |     9 |     6 ||    24
   Stab: Distracted        |       |       |       |       |       |     3 |     1 ||     4
 Armour: Robe              |     6 |     6 |    21 |     4 |       |       |       ||    37
         Ring mail         |       |       |       |    91 |   378 |   614 |   313 ||  1396
  Dodge: Dodged            |     7 |     5 |    14 |    80 |   130 |   191 |    72 ||   499
  Block: Buckler           |       |       |       |     7 |    36 |   103 |    58 ||   204

Table legend: (Time is in decaauts)
 A = Elapsed time spent in this place.
 B = Non-inter-level travel time spent in this place.
 C = Inter-level travel time spent in this place.
 D = Time resting spent in this place.
 E = Time spent auto-exploring this place.
 F = Levels seen in this place.
 G = Mean time per level.
                   A        B        C        D        E       F      G
               +--------+--------+--------+--------+--------+-----+--------+
         Total |  40119 |  36999 |   3120 |   7291 |  21664 |  31 | 1294.2 |
       Dungeon |  18998 |  17412 |   1586 |   2611 |  12197 |  15 | 1266.5 |
        Temple |      8 |      1 |      7 |      0 |      0 |   1 |    8.0 |
          Lair |   9964 |   9108 |    856 |   2238 |   5469 |   5 | 1992.8 |
        Shoals |   4023 |   3717 |    306 |    456 |   1706 |   4 | 1005.8 |
     Snake Pit |   5327 |   5045 |    282 |   1518 |   1412 |   4 | 1331.8 |
  Orcish Mines |   1797 |   1715 |     82 |    468 |    879 |   2 |  898.5 |
               +--------+--------+--------+--------+--------+-----+--------+

Top non-repeatable levels by time:
  Lair:4: 2994 daAuts
    D:12: 2284 daAuts
    D:13: 2188 daAuts
  Lair:1: 2176 daAuts
  Lair:2: 2172 daAuts
 Snake:3: 1791 daAuts
    D:11: 1660 daAuts
  Lair:5: 1593 daAuts
     D:8: 1454 daAuts
 Snake:2: 1440 daAuts
    D:14: 1348 daAuts
     D:7: 1272 daAuts
 Snake:1: 1246 daAuts
     D:3: 1235 daAuts
     D:6: 1208 daAuts
